 Dungeon Crawl Stone Soup version 0.23.2-1-ga50397a (webtiles) character file.

Game seed: 17850785481781445762

21673 forest the Slinger (level 12, -2/64 HPs)
             Began as a Spriggan Assassin on May 29, 2019.
             Was an Elder of Dithmenos.
             Slain by a hell knight
             ... wielding a +2 scimitar of flaming
              (9 damage)
             ... on level 4 of the Lair of Beasts on May 30, 2019.
             The game lasted 01:50:45 (19925 turns).

forest the Slinger (Spriggan Assassin)             Turns: 19925, Time: 01:50:45

Health: -2/64      AC:  5    Str: 10    XL:     12   Next: 56%
Magic:  21/21      EV: 31    Int: 13    God:    Dithmenos [****..]
Gold:   617        SH:  0    Dex: 22    Spells: 11/22 levels left

rFire    + . .     SeeInvis +   h - +3 rapier (speed)
rCold    . . .     Gourm    .   (shield restricted)
rNeg     . . .     Faith    .   c - +1 robe
rPois    .         Spirit   .   T - +1 hat {SInv}
rElec    .         Reflect  .   d - +0 cloak
rCorr    .         Harm     .   (gloves unavailable)
MR       ++...                  (boots unavailable)
Stlth    ++++++++..             n - amulet of regeneration
HPRegen  0.60/turn              o - +3 ring of dexterity
MPRegen  0.17/turn              W - +4 ring of evasion

@: hasted, wreathed by umbra, very quick
A: very small, unfitting armour, antennae 1, see invisible, fire resistance 1,
herbivore, speed 3, slow metabolism 2, wild magic 1
a: Shadow Step, Renounce Religion


You were on level 4 of the Lair of Beasts.
You worshipped Dithmenos.
Dithmenos was greatly pleased with you.
You were not hungry.

You visited 3 branches of the dungeon, and saw 15 of its levels.
You also visited: Volcano.

You collected 647 gold pieces.
You spent 30 gold pieces at shops.

Inventory:

Hand Weapons
 b - a +1 blowgun
 h - a +3 rapier of speed (weapon)
 i - a +4 short sword
 u - a +0 hunting sling
 z - a +3 dagger
 K - a +0 dagger of flaming
 L - a +0 short sword of draining
 P - a +2 dagger of draining
 X - a +0 short sword of venom
Missiles
 q - 142 stones (quivered)
 D - 23 tomahawks
 E - 30 poisoned needles
Armour
 c - a +1 robe (worn)
 d - a +0 cloak (worn)
 T - a +1 hat of see invisible (worn)
Jewellery
 n - an amulet of regeneration (around neck)
 o - a +3 ring of dexterity (left hand)
 t - a +3 ring of protection
 G - an uncursed ring of flight
 Q - an uncursed ring of ice
 R - an uncursed ring of positive energy
 W - a +4 ring of evasion (right hand)
Wands
 p - a wand of scattershot (3)
 y - a wand of polymorph (9)
 H - a wand of enslavement (5)
 J - a wand of digging (6)
 U - a wand of iceblast (8)
Scrolls
 a - 2 scrolls of amnesia
 l - 3 scrolls of magic mapping
 r - 5 scrolls of identify
 v - 5 scrolls of remove curse
 x - 3 scrolls of teleportation
 A - 4 scrolls of enchant armour
 C - 2 scrolls of fear
 M - a scroll of fog
Potions
 e - 3 potions of flight
 j - a potion of cancellation
 k - a potion of lignification
 m - 2 potions of magic
 s - 2 potions of curing
 w - a potion of brilliance
 B - a potion of ambrosia
 F - a potion of might
 I - a potion of heal wounds
 O - a potion of haste
 V - a potion of agility
Comestibles
 g - 3 rations


   Skills:
 + Level 7.9 Fighting
 + Level 10.3 Short Blades
 + Level 13.2(13.4) Slings
 + Level 3.2(8.0) Throwing
 + Level 9.4 Dodging
 + Level 12.2 Stealth
 + Level 5.8 Spellcasting
 + Level 5.0 Hexes
 + Level 2.4 Necromancy
 + Level 0.1 Evocations


You had 11 spell levels left.
You knew the following spells:

 Your Spells              Type           Power        Failure   Level  Hunger
a - Apportation           Tloc           #.....       24%         1    None
b - Animate Skeleton      Necr           N/A          10%         1    None
c - Corona                Hex            ###....      4%          1    None
d - Confuse               Hex            ###.....     10%         3    ###....
e - Tukima's Dance        Hex            ###.....     10%         3    ###....
f - Ensorcelled Hibernat  Hex/Ice        ##....       13%         2    ##.....

Your spell library contained the following spells:

 Spells                   Type           Power        Failure   Level  Hunger
 Confusing Touch          Hex            ###...       4%          1    None
 Summon Small Mammal      Summ           #...         24%         1    None
 Dazzling Spray           Conj/Hex       ##....       26%         3    ###....


Dungeon Overview and Level Annotations

Branches:
Dungeon (10/15)            Temple (1/1) D:4            Lair (4/6) D:9
 Shoals (0/4) Lair:3        Snake (0/4) Lair:3
    Orc: D:9-12

Altars:
Ashenzari
Cheibriados
Dithmenos
Elyvilon
Fedhas
Gozag
Hepliaklqana
Kikubaaqudgha
Makhleb
Nemelex Xobeh
Okawaru
Qazlal
Ru
Sif Muna
Trog
Uskayaw
Vehumet
Wu Jian
Xom
Yredelemnul
Zin
The Shining One

Shops:
D:9 *

Annotations:
D:10 Psyche
Lair:1 exclusion: 3 oklob plants


Innate Abilities, Weirdness & Mutations

You are very small and have problems with some larger weapons.
You are too small for most types of armour.
You have supernaturally acute eyesight. (SInv)
You are a herbivore.
You cover ground extremely quickly.
You need to consume almost no food.
You have a pair of small antennae on your head.
Your flesh is heat resistant. (rF+)
Your spells are a little harder to cast, but a little more powerful.


Message History

You emit a cloud of dark smoke.
The hell knight burns you.
* * * LOW HITPOINT WARNING * * *
You see here a poisoned needle.
You see here 2 poisoned needles.
You see here a poisoned needle.
You see here a poisoned needle.
The hell knight gestures at you while chanting.
The puff of flame misses you.
You feel yourself speed up.
You see here a leather armour of fire resistance.
You see here a potion of resistance.
The hell knight hits you with a +2 scimitar of flaming!
* * * LOW HITPOINT WARNING * * *
The hell knight burns you.
* * * LOW HITPOINT WARNING * * *
There is a rocky tunnel leading out of this place here.
Welcome back to the Lair of Beasts!
There is a collapsed entrance here.
The hell knight hits you with a +2 scimitar of flaming!
You die...

*,,*...##.##≈≈≈≈.##,,,,,,,*,,,,*
,,**..,*#.#≈≈≈≈≈≈.#,,,,,****,,,*
,,,,.,,,.+##≈≈≈≈.##,,,,,****,,,*
,,,,,,,..,,##≈≈.##,,,,,,,,,,,,,*
,,,,,,..,,,,##.##,,,,,,,,,,,,>,**
,,,,,,,,,,,,,#.##*,,,,,,,,,,,,,,*
,,,,,,,,,,,,,##.##*,,,,,,,,,,,,**
,,**,,,,,,,,,*##.##*,,,,,,,,,,,*
****,,,,,,,,,*#.@p#*,,,**,,,,,,*
***,,,,,,,,,,,##.##,,,*,*,,**,,**
,**,,,,,*,,*,**###*,,,,*,,,*,,,,*
,***,,,,,,***,*****,,,,,,,,**,,**
,***,,,*,,,,,,**,,,,,,,,,,,*,,,,*
,**,,,,,,,,,,,**,,,,,,**,,,,,,,**
*,*,,,,,,,,,,,**,,,,,,,,,,,*,,,*
***,,,,*,*,****,,,,,,,**,,,**,,**
,*,*,,,*,**,**,*,,,,,,,***,*,,,,*


You could see a hell knight.

Vanquished Creatures
  A hydra (Lair:1)
  2 two-headed ogres (D:9)
  4 death yaks
  An oklob plant (Lair:1)
  An elephant (D:9)
  8 spiny frogs
  3 komodo dragons
  2 rime drakes (Lair:1)
  10 blink frogs
  8 hippogriffs
  Sigmund (D:4)
  12 yaks
  A wyvern (Lair:3)
  2 basilisks
  2 hungry ghosts
  A naga (Lair:3)
  5 water moccasins
  Duvessa (D:5)
  5 porcupines
  3 orc warriors
  A sky beast (D:9)
  2 ice beasts
  A black bear (Lair:2)
  2 phantoms
  7 ogres
  A big kobold (D:8)
  5 crocodiles
  9 bullfrogs
  A wyvern zombie (D:8)
  A water moccasin skeleton (D:5)
  Dowan (D:5)
  5 killer bees
  4 wights
  6 howler monkeys
  2 crimson imps
  A bullfrog zombie (D:7)
  A jelly (D:4)
  7 orc priests
  3 centaur skeletons
  7 orc wizards
  Crazy Yiuf (D:2)
  3 hounds
  2 bullfrog skeletons
  Jessica (D:2)
  3 iguanas
  Natasha (thrice) (D:4)
  4 worker ants
  A hound zombie (D:6)
  8 adders
  A shadow imp (D:9)
  4 oozes
  An adder skeleton (D:4)
  A worm (D:3)
  4 dart slugs
  5 leopard geckos
  37 orcs
  2 ball pythons
  4 bats
  9 giant cockroaches
  8 goblins
  4 hobgoblins
  17 jackals
  2 quokkas
  3 frilled lizards
  15 kobolds
  8 rats
291 creatures vanquished.

Vanquished Creatures (collateral kills)
  Gastronok (Lair:2)
  Nergalle (Lair:2)
  2 hippogriffs
  3 nagas (Lair:3)
  A water moccasin (Lair:1)
  2 centaurs (Lair:3)
  A crocodile (Lair:3)
  2 fungi (Lair:2)
  2 plants
15 creatures vanquished.

Vanquished Creatures (others)
  A fungus (Lair:2)
  4 plants
5 creatures vanquished.

Grand Total: 311 creatures vanquished

Notes
Turn   | Place    | Note
-------+----------+-------------------------------------------
     0 | D:1      | forest the Spriggan Assassin began the quest for the Orb.
     0 | D:1      | Reached XP level 1. HP: 10/10 MP: 2/2
    65 | D:1      | Reached XP level 2. HP: 14/14 MP: 3/3
   865 | D:2      | Noticed Jessica
   990 | D:2      | Reached XP level 3. HP: 18/18 MP: 4/4
  1202 | D:2      | Killed Jessica
  1202 | D:2      | Reached XP level 4. HP: 23/23 MP: 5/5
  1702 | D:2      | Found a runed translucent door.
  1703 | D:2      | Noticed Crazy Yiuf
  1738 | D:2      | Killed Crazy Yiuf
  1854 | D:3      | Reached XP level 5. HP: 26/26 MP: 6/6
  2435 | D:3      | Found an ornate altar of the Wu Jian Council.
  2570 | D:4      | Noticed a phantom
  3149 | D:3      | Killed a phantom
  3149 | D:3      | Reached skill level 2 in Slings
  3149 | D:3      | Reached XP level 6. HP: 28/31 MP: 7/7
  3741 | D:4      | Found a staircase to the Ecumenical Temple.
  3747 | D:4      | Reached skill level 3 in Slings
  3749 | Temple   | Entered the Ecumenical Temple
  4048 | D:4      | Reached XP level 7. HP: 27/35 MP: 8/8
  4079 | D:4      | Noticed Natasha
  4485 | D:4      | Noticed Sigmund
  4521 | D:4      | Killed Sigmund
  4521 | D:4      | Reached skill level 4 in Slings
  4661 | D:4      | Killed Natasha
  4661 | D:4      | Reached skill level 5 in Dodging
  4717 | D:4      | Reached skill level 5 in Short Blades
  4874 | D:4      | Noticed Natasha
  4897 | D:4      | Killed Natasha
  5386 | D:4      | Noticed Natasha
  5439 | D:4      | Killed Natasha
  5516 | D:5      | Entered Level 5 of the Dungeon
  5568 | D:5      | Noticed Dowan
  5569 | D:5      | Noticed Duvessa
  5736 | D:5      | Found a stormy altar of Qazlal.
  5736 | D:5      | Found a radiant altar of Vehumet.
  6062 | D:5      | Killed Dowan
  6062 | D:5      | Reached XP level 8. HP: 40/40 MP: 9/9
  6401 | D:5      | Reached skill level 5 in Slings
  6659 | D:5      | Killed Duvessa
  6659 | D:5      | Reached skill level 6 in Slings
  7174 | D:5      | Found a shadowy altar of Dithmenos.
  7176 | D:5      | Found an ancient bone altar of Kikubaaqudgha.
  7177 | D:5      | Found a blossoming altar of Fedhas.
  7182 | D:5      | Became a worshipper of Dithmenos the Shadowed
  7337 | D:5      | Found a snail-covered altar of Cheibriados.
  7338 | D:5      | Found a sparkling altar of Nemelex Xobeh.
  7518 | D:6      | Reached skill level 7 in Slings
  7584 | D:6      | Gained mutation: Your body sometimes deteriorates upon
                  | taking damage. [potion of mutation]
  7584 | D:6      | Gained mutation: You are somewhat resistant to further
                  | mutation. [potion of mutation]
  7629 | D:5      | Lost mutation: Your body sometimes deteriorates upon taking
                  | damage. [potion of mutation]
  7629 | D:5      | Lost mutation: You are somewhat resistant to further
                  | mutation. [potion of mutation]
  7629 | D:5      | Gained mutation: You are dopey. (Int -2) [potion of
                  | mutation]
  7629 | D:5      | Gained mutation: Your flesh is heat resistant. (rF+)
                  | [potion of mutation]
  7629 | D:5      | Gained mutation: You do not regenerate when monsters are
                  | visible. [potion of mutation]
  7629 | D:5      | Gained mutation: Your spells are a little harder to cast,
                  | but a little more powerful. [potion of mutation]
  7761 | D:6      | Lost mutation: You are dopey. (Int -2) [potion of mutation]
  7761 | D:6      | Lost mutation: You do not regenerate when monsters are
                  | visible. [potion of mutation]
  7761 | D:6      | Lost mutation: Your spells are a little harder to cast, but
                  | a little more powerful. [potion of mutation]
  7761 | D:6      | Gained mutation: You have a pair of small antennae on your
                  | head. [potion of mutation]
  7761 | D:6      | Gained mutation: Your spells are a little harder to cast,
                  | but a little more powerful. [potion of mutation]
  8494 | D:7      | Reached XP level 9. HP: 37/45 MP: 10/10
  8692 | D:7      | Learned a level 1 spell: Apportation
  8735 | D:7      | Reached * piety under Dithmenos
  8918 | D:7      | Reached skill level 8 in Slings
  8968 | D:7      | Found a blossoming altar of Fedhas.
 10100 | D:8      | Reached skill level 5 in Fighting
 10100 | D:8      | Reached skill level 9 in Slings
 10242 | D:8      | Reached XP level 10. HP: 51/51 MP: 11/11
 10247 | D:8      | Reached ** piety under Dithmenos
 10385 | D:8      | Reached skill level 10 in Stealth
 10873 | D:9      | Noticed an elephant
 10951 | D:9      | Reached skill level 10 in Slings
 11327 | D:9      | Killed an elephant
 11705 | D:9      | Found a staircase to the Lair.
 11944 | D:9      | Found Ympur's Assorted Antiques.
 11947 | D:9      | Bought a smoky purple potion for 30 gold pieces
 12267 | D:9      | Learned a level 1 spell: Animate Skeleton
 12269 | D:9      | Learned a level 1 spell: Corona
 12302 | D:10     | Entered Level 10 of the Dungeon
 12302 | D:10     | Noticed Psyche
 12302 | D:10     | Noticed a two-headed ogre
 12418 | D:9      | Killed a two-headed ogre
 12418 | D:9      | Reached skill level 11 in Slings
 12526 | D:10     | Noticed a two-headed ogre
 12633 | D:9      | Killed a two-headed ogre
 12703 | Lair:1   | Entered Level 1 of the Lair of Beasts
 13330 | D:9      | Reached XP level 11. HP: 58/58 MP: 8/13
 13668 | D:9      | Reached skill level 1 in Hexes
 13793 | D:9      | Reached skill level 12 in Slings
 13856 | D:9      | Reached skill level 1 in Spellcasting
 13969 | D:9      | Reached *** piety under Dithmenos
 14194 | Lair:1   | Noticed an eight-headed hydra
 14202 | Lair:1   | Killed an eight-headed hydra
 14345 | Lair:1   | Learned a level 3 spell: Confuse
 14349 | Lair:1   | Learned a level 3 spell: Tukima's Dance
 14352 | Lair:1   | Learned a level 2 spell: Ensorcelled Hibernation
 14412 | Lair:1   | Noticed an oklob plant
 14719 | Lair:1   | Noticed an oklob plant
 15043 | Lair:1   | Noticed an oklob plant
 15269 | Lair:1   | Killed an oklob plant
 16226 | Lair:1   | Noticed an oklob plant
 16495 | Lair:2   | Noticed Gastronok
 16579 | Lair:2   | Killed Gastronok
 16579 | Lair:2   | Reached skill level 1 in Necromancy
 16749 | Lair:2   | Noticed Nergalle
 16839 | Lair:2   | Killed Nergalle
 16915 | Lair:2   | Reached XP level 12. HP: 63/63 MP: 19/19
 17337 | Lair:2   | Reached skill level 10 in Short Blades
 17590 | Lair:3   | Found a staircase to the Snake Pit.
 17641 | Lair:3   | Reached **** piety under Dithmenos
 17722 | Lair:3   | Reached skill level 5 in Spellcasting
 17916 | Lair:3   | Found a staircase to the Shoals.
 18057 | Lair:3   | Noticed a death yak
 18112 | Lair:3   | Noticed a death yak
 18113 | Lair:3   | Noticed a death yak
 18431 | Lair:2   | Killed a death yak
 18733 | Lair:3   | Noticed a death yak
 18992 | Lair:3   | Killed a death yak
 18992 | Lair:3   | Reached skill level 13 in Slings
 19047 | Lair:3   | Killed a death yak
 19113 | Lair:3   | Killed a death yak
 19113 | Lair:3   | Reached skill level 5 in Hexes
 19764 | Lair:4   | Noticed a death yak
 19764 | Lair:4   | Noticed a death yak
 19850 | Lair:4   | Found a dark tunnel.
 19855 | Volcano  | Entered a volcano
 19925 | Lair:4   | Slain by a hell knight

Skill      XL: |  1  2  3  4  5  6  7  8  9 10 11 12 |
---------------+-------------------------------------+-----
Stealth        | 6 7 8 9 10 11 12 | 12.2
Dodging        | 2 3 4 5 6 7 8 9 |  9.4
Short Blades   | 3 4 5 6 8 9 10 | 10.3
Fighting       | 2 3 4 5 6 7 |  7.9
Slings         | 2 3 4 7 9 11 12 13 | 13.2
Throwing       | 3 |  3.2
Hexes          | 3 5 |  5.0
Spellcasting   | 4 5 |  5.8
Necromancy     | 2 |  2.4
Evocations     | |  0.1

Action                   |  1- 3 |  4- 6 |  7- 9 | 10-12 || total
-------------------------+-------+-------+-------+-------++-------
Melee: Dagger            |    72 |       |       |       ||    72
       Short sword       |    22 |   276 |   118 |    50 ||   466
       Rapier            |       |       |   293 |   473 ||   766
 Fire: Blowgun           |     5 |     8 |    23 |     6 ||    42
       Hunting sling     |       |    44 |   359 |   784 ||  1187
Throw: Stone             |       |       |     1 |     4 ||     5
       Tomahawk          |       |       |     4 |       ||     4
 Cast: Corona            |       |       |       |    28 ||    28
       Confuse           |       |       |       |    42 ||    42
       Animate Skeleton  |       |       |       |    24 ||    24
Evoke: Wand              |       |       |       |     2 ||     2
  Use: Scroll            |     8 |     9 |     2 |     8 ||    27
       Potion            |     2 |       |    10 |     1 ||    13
 Stab: Sleeping          |    17 |     3 |    15 |    33 ||    68
       Distracted        |     1 |     2 |       |     2 ||     5
       Confused          |       |       |       |     2 ||     2
  Eat: Ration            |       |     1 |     3 |     7 ||    11
Armor: Robe              |    17 |    19 |    37 |    22 ||    95
Dodge: Dodged            |   110 |   164 |   359 |   464 ||  1097
